 Dungeon Crawl Stone Soup version 0.30-a0-469-g84de5afbc5 (webtiles) character file.

Game seed: 13475795732175177917

25 cforsyth the Cudgeller (level 2, -2/25 HPs)
             Began as an Armataur Gladiator on Dec 19, 2022.
             Slain by Terence
             ... wielding a +0 trident
              (3 damage)
             ... on level 2 of the Dungeon.
             The game lasted 00:01:22 (1125 turns).

cforsyth the Cudgeller (Armataur Gladiator)         Turns: 1125, Time: 00:01:23

Health: -2/25      AC:  6    Str: 19    XL:     2   Next: 86%
Magic:  2/2        EV:  9    Int:  8    God:
Gold:   47         SH:  0    Dex: 11    Spells: 1/1 levels left

rFire   . . .      SeeInvis .    a - +0 flail
rCold   . . .      Faith    .    (no shield)
rNeg    . . .      Spirit   .    b - +0 leather armour
rPois   .          Reflect  .    c - +0 helmet
rElec   .          Harm     .    (no cloak)
rCorr   .          Roll     +    i - +0 pair of gloves {hurl}
Will    .....                    (no barding)
Stlth   +.........               (no amulet)
HPRegen 0.24/turn                (no ring)
MPRegen 0.08/turn                (no ring)

@: brilliant, flying
A: large, rugged brown scales 3, deformed body, armoured tail, roll, long
tongue, awkward tongue
a: no special abilities


You were on level 2 of the Dungeon.
You visited 1 branch of the dungeon, and saw 2 of its levels.

You collected 47 gold pieces.

Inventory:

Hand Weapons
 a - a +0 flail (weapon)
Missiles
 d - 3 throwing nets (quivered)
 e - a javelin
Armour
 b - a +0 leather armour (worn)
 c - a +0 helmet (worn)
 i - a +0 pair of gloves of hurling (worn)
Jewellery
 n - an amulet of magic regeneration
Scrolls
 g - 3 scrolls of fear {unknown}
 h - a scroll of summoning {unknown}
 k - a scroll of identify {unknown}
 m - a scroll of magic mapping {unknown}
Potions
 j - a potion of flight
 l - a potion of lignification {unknown}


   Skills:
 + Level 2.1 Fighting
 + Level 3.0 Maces & Flails
 + Level 2.2 Throwing
 + Level 2.4 Dodging


You had one spell level left.
You didn't know any spells.
Your spell library was empty.

Dungeon Overview and Level Annotations

Branches:
Dungeon (2/15)

Altars:

Annotations:
D:2 Terence


Innate Abilities, Weirdness & Mutations

You are completely covered in rugged brown scales. (AC +3, +7% HP)
Armour fits poorly on your strangely shaped body.
You have a long armoured tail.
You roll when moving toward enemies. (Rampage)
Your long tongue fully drains potion bottles. (2x potion effects)
Your tongue gives you trouble enunciating. (1.5x scroll delay)


Message History

You roll towards Terence!
You hit Terence but do no damage. Terence closely misses you.
You barely miss Terence. Terence hits you with a +0 trident.
You are too injured to fight recklessly!
You are too injured to fight recklessly!
You are too injured to fight recklessly!
You are too injured to fight recklessly!
You are too injured to fight recklessly!
You are too injured to fight recklessly!
You are too injured to fight recklessly!
You hit Terence.
Terence is moderately wounded.
Terence hits you with a +0 trident.
You hit Terence.
Terence is moderately wounded.
Terence barely misses you.
You hit Terence.
Your tail-slap misses Terence.
Terence is heavily wounded.
Terence hits you with a +0 trident. Terence closely misses you.
You hit Terence but do no damage.
Terence is heavily wounded.
Terence closely misses you.
You barely miss Terence.
Terence is heavily wounded.
Terence closely misses you.
You barely miss Terence.
Terence is heavily wounded.
Terence hits you with a +0 trident!
* * * LOW HITPOINT WARNING * * *
Terence hits you with a +0 trident.
* * * LOW HITPOINT WARNING * * *
You slurp down every last drop of the 2 sedimented puce potions!
It was a potion of flight.
You feel very buoyant.
You fly up into the air.
Terence closely misses you.
You slurp down every last drop of the grey potion!
It was a potion of brilliance.
You feel clever all of a sudden. Terence hits you with a +0 trident.
You die...

#.#...........##.#.# #.#
..##...#########.#.###.#
####..## #.......#
......# ###.#####
#####.# #.# #+# ###.####
#......# ##...##.#
#.@### # #..@# .......
####..... ##.#.## .# #.
# #


You could see Terence.

Vanquished Creatures
  2 ball pythons (D:1)
  4 endoplasms (D:1)
  3 goblins (D:1)
  2 hobgoblins
  3 jackals (D:1)
  A kobold (D:1)
  A quokka (D:1)
  2 frilled lizards (D:1)
  3 rats (D:1)
21 creatures vanquished.

Notes
Turn   | Place    | Note
-------+----------+-------------------------------------------
     0 | D:1      | cforsyth the Armataur Gladiator began the quest for the
                  | Orb.
     0 | D:1      | Reached XP level 1. HP: 18/18 MP: 1/1
   145 | D:1      | Reached XP level 2. HP: 18/25 MP: 2/2
   337 | D:1      | Found a faded altar of an unknown god.
   831 | D:1      | Reached skill level 3 in Maces & Flails
  1115 | D:2      | Noticed Terence
  1123 | D:2      | HP: 1/25 [Terence/+0 trident (3)]
  1125 | D:2      | Slain by Terence

Illustrated notes

Levels and vault maps discovered:
D:1:      dpeg_arrival_boxes_within_box, layout_loops_corners,
          shapermc_ecumenical_altar_mp_ritualfount
D:2:      layout_loops_corners, serial_undead, serial_undead_f, serial_undead_c,
          serial_undead_b, serial_undead_e, uniq_terence

Skill      XL: |  1  2 |
---------------+-------+-----
Fighting       | 2 |  2.1
Throwing       | 2 |  2.2
Maces & Flails | 3 |  3.0
Dodging        | |  2.4

Action                   || total
-------------------------++-------
Melee: Flail             ||    50
       Punch             ||     1
       Tailslap          ||     2
  Use: Potion            ||     2
Armor: Leather armour    ||    23
Dodge: Dodged            ||    16

Table legend: (Time is in decaauts)
 A = Elapsed time spent in this place.
 B = Non-inter-level travel time spent in this place.
 C = Inter-level travel time spent in this place.
 D = Time resting spent in this place.
 E = Time spent auto-exploring this place.
 F = Levels seen in this place.
 G = Mean time per level.
                   A        B        C        D        E       F      G
               +--------+--------+--------+--------+--------+-----+--------+
         Total |   1137 |   1083 |     54 |    127 |    803 |   2 |  568.5 |
       Dungeon |   1137 |   1083 |     54 |    127 |    803 |   2 |  568.5 |
               +--------+--------+--------+--------+--------+-----+--------+

Top non-repeatable levels by time:
     D:1: 1059 daAuts
     D:2: 77 daAuts
